 Dungeon Crawl Stone Soup version 0.22.1-6-g1668fe2c40 (webtiles) character file.

291 Kohma the Insei (level 6, 0/75 HPs)
             Began as a Draconian Transmuter on Jan 24, 2019.
             Succumbed to a worker ant's poison
             ... on level 3 of the Dungeon.
             The game lasted 00:08:46 (3344 turns).

Kohma the Insei (Draconian Transmuter)              Turns: 3344, Time: 00:08:46

Health: 0/75       AC: 23    Str: 13    XL:     6   Next: 10%
Magic:  10/10      EV:  2    Int: 13    God:
Gold:   169        SH:  0    Dex: 13    Spells: 4/10 levels left

rFire    . . .     SeeInvis .     - Unarmed
rCold    . . .     Gourm    .   (no shield)
rNeg     + + +     Faith    .   (armour unavailable)
rPois    +         Spirit   .   (helmet currently unavailable)
rElec    .         Reflect  .   (cloak currently unavailable)
rCorr    .         Harm     .   (gloves currently unavailable)
MR       .....     NoTele   +   (boots currently unavailable)
Stlth    +.........             (no amulet)
HPRegen  0.22/turn              (no ring)
MPRegen  0.12/turn              (no ring)

@: lethally poisoned (0 -> -5), tree-form
A: unfitting armour, AC +6
a: no special abilities


You were on level 3 of the Dungeon.
You were hungry.
You were a tree.
You visited 1 branch of the dungeon, and saw 4 of its levels.

You collected 169 gold pieces.

Inventory:

Missiles
 a - 50 arrows
 h - 89 stones (quivered)
Armour
 j - a +0 pair of gloves (melded)
Jewellery
 b - an uncursed amulet of the gourmand {unknown}
 g - an uncursed ring of poison resistance {unknown}
Scrolls
 k - 2 scrolls of teleportation {unknown}
 l - a scroll of identify {unknown}
 o - a scroll of blinking {unknown}
 q - a scroll of enchant armour {unknown}
Potions
 d - a potion of haste {unknown}
 e - a potion of heal wounds {unknown}
 f - a potion of lignification
 i - a potion of cancellation {unknown}
 n - a potion of brilliance {unknown}
 p - a potion of curing {unknown}
Comestibles
 c - 9 rations


   Skills:
 + Level 2.6 Fighting
 + Level 2.7 Dodging
 * Level 4.4 Unarmed Combat
 + Level 2.7 Spellcasting
 * Level 3.8 Transmutations


You had 4 spell levels left.
You knew the following spells:

 Your Spells              Type           Power        Failure   Level  Hunger
a - Beastly Appendage     Tmut           ##....       4%          1    #......
b - Sticks to Snakes      Tmut           ##......     8%          2    ###....
c - Spider Form           Tmut/Pois      #.........   32%         3    ###....

Your spell library contained the following spells:

 Spells                   Type           Power        Failure   Level  Hunger
 Ice Form                 Ice/Tmut       #.......     71%         4    #####..
 Blade Hands              Tmut           ##........   80%         5    ######.


Dungeon Overview and Level Annotations

Branches:
Dungeon (4/15)
 Temple: D:4-7

Altars:

Annotations:
D:4 1 transporter


Innate Abilities, Weirdness & Mutations

((Your plain brown scales are hard. (AC +6)))
You cannot fit into any form of body armour.
((You are cold-blooded and may be slowed by cold attacks.))


Message History

You feel sick.
You feel sick. The worker ant bites you.
* * * LOW HITPOINT WARNING * * *
You feel sick.
There is a stone staircase leading up here.
The worker ant bites you.
* * * LOW HITPOINT WARNING * * *
The worker ant barely misses you. The worker ant bites you.
* * * LOW HITPOINT WARNING * * *
You are lethally poisoned!
The worker ant poisons you!
You climb upwards.
* * * LOW HITPOINT WARNING * * *
You feel sick.
There is a stone staircase leading down here.
It was a potion of lignification.
You turn into a tree.
Your +0 pair of gloves melds into your body.
Your roots penetrate the ground.
You die...

##### ## #...#
.############...##
.................#
.###############.##
.#######..........#
................♣.#
##..)....######.a.####
.......).# ####......#
#.####...###.......#.#
.........#[........#.#
..####)#.#.#.###.....##########
### #.#.#.#.# #.....#........#
## #.#.#.#.####....#.######.#
.#####.#.#.#.........#.....<#.#


You could see a worker ant.

Vanquished Creatures
  3 orc priests (D:3)
  A worker ant (D:4)
  2 orc wizards (D:3)
  7 adders
  2 worms
  6 orcs (D:3)
  A ball python (D:3)
  4 giant cockroaches
  7 goblins
  4 hobgoblins
  A quokka (D:3)
  7 bats
  2 frilled lizards
  7 kobolds
  3 rats (D:1)
57 creatures vanquished.

Vanquished Creatures (collateral kills)
  3 adders (D:2)
  A hobgoblin (D:2)
4 creatures vanquished.

Grand Total: 61 creatures vanquished

Notes
Turn   | Place    | Note
-------+----------+-------------------------------------------
     0 | D:1      | Kohma the Draconian Transmuter began the quest for the Orb.
     0 | D:1      | Reached XP level 1. HP: 16/16 MP: 3/3
   327 | D:1      | Reached XP level 2. HP: 23/23 MP: 5/5
   335 | D:1      | Learned a level 2 spell: Sticks to Snakes
  1078 | D:2      | Reached XP level 3. HP: 22/28 MP: 4/6
  1451 | D:2      | Reached XP level 4. HP: 36/36 MP: 2/7
  1954 | D:3      | Reached XP level 5. HP: 37/41 MP: 6/8
  1959 | D:3      | Reached skill level 4 in Unarmed Combat
  2168 | D:3      | Learned a level 3 spell: Spider Form
  3041 | D:4      | Reached XP level 6. HP: 48/50 MP: 6/10
  3219 | D:4      | Found a transporter.
  3219 | D:4      | Noticed a fire bat
  3342 | D:4      | HP: 2/50 [worker ant (1)]
  3344 | D:3      | Succumbed to a worker ant's poison

Skill      XL: |  1  2  3  4  5 |
---------------+----------------+-----
Dodging        | 2 |  2.7
Transmutations | 3 |  3.8
Fighting       | 2 |  2.6
Unarmed Combat | 4 |  4.4
Spellcasting   | |  2.7

Action                   |  1- 3 |  4- 6 || total
-------------------------+-------+-------++-------
Melee: Unarmed           |    94 |   140 ||   234
       Tailslap          |    16 |    17 ||    33
       Kick              |     2 |     9 ||    11
       Headbutt          |     2 |     3 ||     5
       Punch             |       |     3 ||     3
 Cast: Beastly Appendage |     8 |     9 ||    17
       Sticks to Snakes  |    10 |     8 ||    18
  Use: Potion            |       |     1 ||     1
 Stab: Sleeping          |     1 |       ||     1
  Eat: Chunk             |     3 |     6 ||     9
Armor: Skin              |    29 |    35 ||    64
Dodge: Dodged            |    70 |    92 ||   162
